 Dungeon Crawl Stone Soup version 0.31.0-1-g2c135a008e (webtiles) character file.

Game seed: 15619005689372709271

33 James the Trooper (level 3, -1/39 HPs)
             Began as an Oni Hexslinger on Jan 20, 2024.
             Succumbed to an adder's poison
             ... on level 2 of the Dungeon.
             The game lasted 00:06:32 (871 turns).

James the Trooper (Oni Hexslinger)                   Turns: 871, Time: 00:06:33

Health: -1/39      AC:  3    Str: 12    XL:     3   Next: 29%
Magic:  4/4        EV: 10    Int: 14    God:
Gold:   60         SH:  0    Dex: 13    Spells: 4/4 levels left

rFire   . . .        a - +1 sling
rCold   . . .        (no shield)
rNeg    . . .        c - +0 robe
rPois   .            (helmet restricted)
rElec   .            (no cloak)
rCorr   .            (gloves unavailable)
SInv    .            (boots unavailable)
Will    .....        (no amulet)
Stlth   +            i - ring of wizardry
HPRegen 0.26/turn    (no ring)
MPRegen 0.09/turn

%: wizardry (x1)
@: mighty, lethally poisoned (-1 -> -9)
A: large, unfitting armour, horns 1, tough skin 1, double potion healing,
drunken brawling
a: no special abilities


You were on level 2 of the Dungeon.
You visited 1 branch of the dungeon, and saw 2 of its levels.

You collected 60 gold pieces.

Inventory:

Hand Weapons
 a - a +1 sling (weapon)
 b - a +0 dagger
   (You took it off a kobold on level 1 of the Dungeon)
Missiles
 e - 6 poisoned darts
 h - 29 stones
Armour
 c - a +0 robe (worn)
 k - a +0 robe
   (You found it on level 1 of the Dungeon)
Jewellery
 i - a ring of wizardry (left hand)
   (You found it on level 1 of the Dungeon)
Scrolls
 d - a scroll of teleportation {unknown}
 g - a scroll of poison {!r}
 j - a scroll of immolation {unknown}
 l - a scroll of amnesia {unknown}
Potions
 f - a potion of might


   Skills:
 - Level 4.0 Fighting
 + Level 1.6 Ranged Weapons
 - Level 1.7 Dodging
 - Level 1.2 Spellcasting
 - Level 2.6 Hexes
 - Level 0.8 Fire Magic


You had 4 spell levels left.
You didn't know any spells.
Your spell library contained the following spells:

 Spells                   Type           Power      Damage    Failure   Level
 Jinxbite                 Hex            16%        N/A       5%          2
 Kiss of Death            Conj/Necr      0%         2d5       11%         1
 Confusing Touch          Hex            8%         N/A       11%         3
 Sigil of Binding         Hex            8%         N/A       11%         3
 Inner Flame              Hex/Fire       5%         N/A       16%         3
 Cause Fear               Hex            4%         N/A       32%         4
 Dimensional Bullseye     Hex/Tloc       2%         N/A       50%         4
 Dispel Undead            Necr           0%         3d6       67%         4


Dungeon Overview and Level Annotations

Branches:
Dungeon (2/15)

Altars:


Innate Abilities, Weirdness & Mutations

You are too large for most types of armour.
You have a pair of small horns on your head.
You have tough skin. (AC +1)
You gain doubled healing and magic from potions.
Whenever you drink a healing potion, you attack all around you.


Message History

You feel very sick. The adder barely misses you. The adder bites you.
You shoot a sling bullet.
The sling bullet barely misses the adder.
You feel very sick. The adder bites you.
* * * LOW HITPOINT WARNING * * *
The adder barely misses you.
You are too injured to fight recklessly!
Fire: a) +1 sling
Press: ? - help, Q - select action, (/) - cycle Shift-Dir - straight line, f/p - adder
Aim: an adder (almost dead, 38% to hit)
You shoot a sling bullet.
The sling bullet hits the adder but does no damage.
You feel sick. The adder bites you.
* * * LOW HITPOINT WARNING * * *
You are more poisoned.
The adder poisons you!
Fire: a) +1 sling
Press: ? - help, Q - select action, (/) - cycle Shift-Dir - straight line, f/p - adder
Aim: an adder (almost dead, 38% to hit)
You shoot a sling bullet.
The sling bullet barely misses the adder.
* * * LOW HITPOINT WARNING * * *
You feel very sick. The adder closely misses you. The adder bites you.
* * * LOW HITPOINT WARNING * * *
You are lethally poisoned!
The adder poisons you!
Okay, then.
Fire: a) +1 sling
Press: ? - help, Q - select action, (/) - cycle Shift-Dir - straight line, f/p - adder
Aim: an adder (almost dead, 38% to hit)
You shoot a sling bullet.
The sling bullet closely misses the adder.
* * * LOW HITPOINT WARNING * * *
You feel very sick. The adder bites you.
* * * LOW HITPOINT WARNING * * *
The adder barely misses you.
It was a potion of might.
You feel very mighty all of a sudden.
* * * LOW HITPOINT WARNING * * *
You feel sick. The adder completely misses you.
Fire: a) +1 sling
Press: ? - help, Q - select action, (/) - cycle Shift-Dir - straight line, f/p - adder
Aim: an adder (almost dead, 38% to hit)
You shoot a sling bullet.
The sling bullet closely misses the adder.
You die...

########### #.........#
#.#######.# #.# #.###
######.##### #...
###..........###.#
......†..........#
###.#.##.#######@#
###.#...........S....#
..................###.#
###.....#######....
##.##.# ####.. #.##.#
##. #.##.# #. #.##.# ..
#.##[#


You could see an adder.

Vanquished Creatures
  An adder (D:2)
  A dart slug (D:1)
  2 ball pythons (D:1)
  An endoplasm (D:1)
  A giant cockroach (D:1)
  2 goblins (D:1)
  2 hobgoblins
  2 jackals (D:1)
  A kobold (D:1)
  A quokka (D:2)
  2 bats (D:1)
  A frilled lizard (D:1)
  4 rats (D:1)
21 creatures vanquished.

Notes
Turn   | Place    | Note
-------+----------+-------------------------------------------
     0 | D:1      | James the Oni Hexslinger began the quest for the Orb.
     0 | D:1      | Reached XP level 1. HP: 19/19 MP: 2/2
    73 | D:1      | Reached skill level 2 in Fighting
   150 | D:1      | Reached XP level 2. HP: 29/29 MP: 3/3
   226 | D:1      | Reached skill level 3 in Fighting
   753 | D:2      | Reached skill level 4 in Fighting
   753 | D:2      | Reached XP level 3. HP: 28/39 MP: 4/4
   870 | D:2      | HP: 1/39 [poisoned by an adder]
   871 | D:2      | Succumbed to an adder's poison

Illustrated notes

Levels and vault maps discovered:
D:1:      minmay_arrival_cross, layout_basic, minmay_misc_feat_encased,
          st_stairs_4, chequers_decorated_corner, hangedman_decor_points
D:2:      layout_loops_ring, serial_shops, shop, serial_bayou_pond_b

Skill      XL: |  1  2 |
---------------+-------+-----
Fighting       | 2 4 |  4.0
Ranged Weapons | |  1.6
Dodging        | |  1.7
Spellcasting   | |  1.2
Hexes          | |  2.6
Fire Magic     | |  0.8

Action                     || total
---------------------------++-------
   Fire: Sling             ||    78
    Use: Potion            ||     1
 Armour: Robe              ||    32
  Dodge: Dodged            ||    24
